cohdb
Replays
Latest Replays
All Replays
Popular Replays
Top Player Replays
Match Explorer
How It Works
Community
CoH3 Stats
Reddit
Sign in to upload your games and track your stats! →
Sign in with Steam
Match 37865402
Unlisted
Match 37865402
Overview
Messages
Build Orders
End
Construct Infanterie Kompanie
Selects Italian Coastal Battlegroup
Selects Coastal Reserves
Coastal Reserve
MG 42 Machine Gun Team
Coastal Reserve
Medical Bunker
Construct Panzergrenadier Kompanie
Coastal Reserve
Panzergrenadier Squad
Selects Support Bunkers
Pak 40 Anti-tank Gun Team
KoalaImpala
Tanith's Finest
Lee Khan
[SG] Sightless
BOOM就是艺术
禛晗懿
0
0
Comments
sign in to comment!
No comments posted yet!